 Dungeon Crawl Stone Soup version 0.31-a0-986-g5e6e4ef867 (webtiles) character file.

Game seed: 8109577089581572786

1528 pokeman the Thaumaturge (level 8, 0/44 HPs)
             Began as a Deep Elf Hedge Wizard on Nov 12, 2023.
             Was an Initiate of Vehumet.
             Succumbed to a water moccasin's poison
             ... on level 5 of the Dungeon.
             The game lasted 00:11:26 (5383 turns).

pokeman the Thaumaturge (Deep Elf Hedge Wizard)     Turns: 5383, Time: 00:11:27

Health: 0/44       AC:  3    Str:  7    XL:     8   Next: 55%
Magic:  9/23       EV: 13    Int: 22    God:    Vehumet [......]
Gold:   190        SH:  0    Dex: 14    Spells: 18/26 levels left

rFire   . . .        h - +1 short sword (elec)
rCold   . . .        (no shield)
rNeg    . . .        b - +0 robe
rPois   +            c - +0 hat
rElec   .            j - +0 cloak {rPois}
rCorr   .            (no gloves)
SInv    .            (no boots)
Will    .....        (no amulet)
Stlth   ++           (no ring)
HPRegen 0.27/turn    (no ring)
MPRegen 0.18/turn

%: no passive effects
@: mighty, lethally poisoned (0 -> -5), on berserk cooldown, slowed, very slow
A: no striking features
a: Renounce Religion


You were on level 5 of the Dungeon.
You worshipped Vehumet.
Vehumet was noncommittal.
You visited 2 branches of the dungeon, and saw 7 of its levels.

You collected 190 gold pieces.

Inventory:

Hand Weapons
 h - a +1 short sword of electrocution (weapon)
 n - a +4 quarterstaff of chaos
 z - a +2 spear of venom
Missiles
 y - a throwing net
Armour
 b - a +0 robe (worn)
 c - a +0 hat (worn)
 j - a +0 cloak of poison resistance (worn)
Scrolls
 e - a scroll of acquirement {unknown}
 f - a scroll of revelation {unknown}
 g - a scroll of noise {unknown}
 k - 3 scrolls of identify {unknown}
 l - a scroll of vulnerability {unknown}
 m - a scroll of teleportation {unknown}
 q - a scroll of enchant weapon {unknown}
 r - a scroll of summoning {unknown}
 s - 2 scrolls of fog {unknown}
 u - a scroll of silence {unknown}
 v - a scroll of fear {unknown}
Potions
 a - a potion of berserk rage
 d - a potion of magic
 o - a potion of curing {unknown}
 p - a potion of heal wounds {unknown}
 t - a potion of haste {unknown}
 w - 2 potions of degeneration {unknown}
 x - a potion of attraction {unknown}


   Skills:
 - Level 2.0 Fighting
 + Level 2.8 Armour
 - Level 3.0 Dodging
 - Level 3.0 Stealth
 * Level 9.8 Spellcasting
 + Level 6.9 Conjurations
 - Level 1.1 Summonings
 - Level 1.1 Translocations
 - Level 1.2 Air Magic
 - Level 1.0 Poison Magic


You had 18 spell levels left.
You knew the following spells:

 Your Spells              Type           Power      Damage    Failure   Level
a - Magic Dart            Conj           100%       1d8       1%          1
b - Mephitic Cloud        Conj/Pois/Air  24%        N/A       5%          3
c - Call Imp              Summ           30%        N/A       6%          2
d - Blink                 Tloc           30%        N/A       6%          2

Your spell library contained the following spells:

 Spells                   Type           Power      Damage    Failure   Level
 Slow                     Hex            40%        N/A       6%          1
 Cigotuvi's Dreadful Rot  Necr/Pois/Air  28%        N/A       7%          2
 Call Canine Familiar     Summ           15%        N/A       12%         3
 Inner Flame              Hex/Fire       10%        N/A       19%         3
 Sigil of Binding         Hex            10%        N/A       19%         3
 Dimensional Bullseye     Hex/Tloc       6%         N/A       43%         4
 Summon Ice Beast         Ice/Summ       13%        N/A       43%         4
 Leda's Liquefaction      Hex/Erth       5%         N/A       52%         4
 Summon Mana Viper        Hex/Summ       13%        N/A       80%         5
 Yara's Violent Unravell  Hex/Tmut       5%         3d4       86%         5
 Enfeeble                 Hex            5%         N/A       100%        7
 Monstrous Menagerie      Summ           7%         N/A       100%        7


Dungeon Overview and Level Annotations

Branches:
Dungeon (6/15)             Temple (1/1) D:5

Altars:
Ashenzari
Cheibriados
Dithmenos
Elyvilon
Fedhas
Gozag
Hepliaklqana
Kikubaaqudgha
Makhleb
Nemelex Xobeh
Okawaru
Qazlal
Ru
Sif Muna
Trog
Uskayaw
Vehumet
Wu Jian
Xom
Zin
The Shining One

Annotations:
D:5 3 runed translucent doors, LeprechaunX's ghost, novice OpSh


Message History

You hit the water moccasin.
Lightning courses through the water moccasin!
The water moccasin is almost dead.
The water moccasin bites you.
* * * LOW HITPOINT WARNING * * *
You are lethally poisoned!
The water moccasin poisons you!
Your cerulean imp hits the water moccasin but does no damage.
Casting: Call Imp (safe; 6% risk of failure)
Confirm with . or Enter, or press ? or * to list all spells.
Aiming: Magic Dart (safe; 1% risk of failure)
Press: ? - help, Shift-Dir - straight line, f/p - water moccasin
Aim: a water moccasin (almost dead, not watching you, ally target, 100% to hit)
The magic dart hits the water moccasin.
You kill the water moccasin!
Vehumet accepts your kill.
* * * LOW HITPOINT WARNING * * *
You feel very sick.
It was a potion of berserk rage.
A red film seems to cover your vision as you go berserk!
You feel yourself moving faster!
You feel mighty!
* * * LOW HITPOINT WARNING * * *
You feel very sick.
You are too berserk!
You feel a strong urge to attack something.
* * * LOW HITPOINT WARNING * * *
You feel sick.
* * * LOW HITPOINT WARNING * * *
You feel sick.
You feel your anger nearly subside.
* * * LOW HITPOINT WARNING * * *
You feel sick.
You are no longer berserk.
You are exhausted.
You feel yourself slow down.
* * * LOW HITPOINT WARNING * * *
You feel sick.
It was a potion of might.
You feel very mighty all of a sudden.
You die...

.##########..........###.......#.
.###### #....####...##.........
......#####.#....####............
.)........#........###.#.........
......#####..................^...
.###### #.......#....#.........
.##########......................
................<.###............
##########......@.# ##...........
##........5####..........#
#........................#
#.###.##....###..........#
#.##.................>....
####.....####......<.........
##.....##.#.....#.............
#..##.##..................###.
#.........##..............###.


You could see a friendly cerulean imp (summoned).

Vanquished Creatures
  Sigmund (D:2)
  Edmund (D:4)
  A water moccasin (D:5)
  An ice beast (D:5)
  A centaur (D:5)
  2 ogres
  A bullfrog (D:5)
  A scorpion (D:4)
  A gnoll bouda (D:5)
  Crazy Yiuf (D:2)
  Terence (D:2)
  Natasha (thrice) (D:2)
  3 orc wizards (D:4)
  2 iguanas (D:5)
  9 gnolls (D:5)
  11 adders
  A white imp (D:6)
  3 worms
  3 dart slugs
  6 orcs
  10 ball pythons
  11 endoplasms
  3 giant cockroaches
  11 goblins
  8 hobgoblins
  10 jackals
  10 quokkas
  4 bats
  4 frilled lizards
  4 kobolds
  7 rats
135 creatures vanquished.

Vanquished Creatures (collateral kills)
  An ogre (D:5)
1 creature vanquished.

Grand Total: 136 creatures vanquished

Notes
Turn   | Place    | Note
-------+----------+-------------------------------------------
     0 | D:1      | pokeman the Deep Elf Hedge Wizard began the quest for the
                  | Orb.
     0 | D:1      | Reached XP level 1. HP: 10/10 MP: 7/7
   282 | D:1      | Reached XP level 2. HP: 16/16 MP: 5/9
   677 | D:1      | Reached skill level 5 in Spellcasting
   945 | D:1      | Reached XP level 3. HP: 20/20 MP: 8/11
   949 | D:1      | Learned a level 3 spell: Mephitic Cloud
   952 | D:1      | Learned a level 2 spell: Call Imp
   955 | D:1      | Learned a level 2 spell: Blink
  1468 | D:2      | Reached skill level 1 in Fighting
  1569 | D:2      | Reached skill level 1 in Armour
  1767 | D:2      | Found an ornate altar of the Wu Jian Council.
  1784 | D:2      | Reached XP level 4. HP: 14/25 MP: 5/13
  1864 | D:2      | Noticed Terence
  1869 | D:2      | Killed Terence
  1872 | D:2      | Noticed Sigmund
  1877 | D:2      | Killed Sigmund
  1878 | D:2      | Reached skill level 5 in Conjurations
  1878 | D:2      | Reached XP level 5. HP: 11/29 MP: 4/15
  1889 | D:2      | Noticed Natasha
  1900 | D:2      | Killed Natasha
  1901 | D:2      | Reached XP level 6. HP: 13/34 MP: 2/16
  2199 | D:2      | Noticed Natasha
  2204 | D:2      | Killed Natasha
  2241 | D:2      | Reached skill level 6 in Spellcasting
  2361 | D:2      | Found a runed translucent door.
  2362 | D:2      | Noticed Crazy Yiuf
  2452 | D:2      | Killed Crazy Yiuf
  2564 | D:2      | Noticed Natasha
  2572 | D:2      | Killed Natasha
  3279 | D:3      | Reached skill level 1 in Poison Magic
  3394 | D:3      | Found a faded altar of an unknown god.
  3560 | D:4      | Reached skill level 1 in Air Magic
  3560 | D:4      | Reached XP level 7. HP: 38/38 MP: 7/18
  3691 | D:4      | Noticed Edmund
  3714 | D:4      | Killed Edmund
  3715 | D:4      | Reached skill level 7 in Spellcasting
  4556 | D:5      | Entered Level 5 of the Dungeon
  4576 | D:5      | Reached skill level 8 in Spellcasting
  4647 | D:5      | Found a runed translucent gate.
  4647 | D:5      | Found a runed translucent gate.
  4647 | D:5      | Found a runed translucent gate.
  4647 | D:5      | Noticed LeprechaunX's ghost (novice OpSh)
  4702 | D:5      | Reached XP level 8. HP: 30/44 MP: 5/22
  4725 | D:5      | Reached skill level 9 in Spellcasting
  5016 | D:5      | Found a staircase to the Ecumenical Temple.
  5022 | Temple   | Entered the Ecumenical Temple
  5064 | Temple   | Became a worshipper of Vehumet
  5381 | D:5      | HP: 3/66 [poisoned by a water moccasin]
  5382 | D:5      | HP: 1/44 [poisoned by a water moccasin]
  5383 | D:5      | Succumbed to a water moccasin's poison

Illustrated notes

Levels and vault maps discovered:
D:1:      psy_arrival_radial01, layout_basic, st_stairs_8, minivault_23
D:2:      layout_rooms, basic_altar, nicolae_wormholes, uniq_terence,
          uniq_natasha, uniq_crazy_yiuf_cottage, uniq_sigmund
D:3:      minmay_evil_eye, layout_basic, chequers_ecumenical_altar_twisty
D:4:      layout_cave_pools, kennysheep_dice, uniq_edmund
D:5:      layout_rooms, minmay_temple_entry_gardened_gates,
          gammafunk_ghost_nasty_kobolds, chequers_jeans
D:6:      layout_rooms, serial_curves, eino_curves_03, eino_curves_02,
          eino_curves_01, eino_curves_04, uniq_maggie
Temple:   mainiacjoe_temple_archimedes_tessellation

Skill      XL: |  1  2  3  4  5  6  7  8 |
---------------+-------------------------+-----
Spellcasting   | 5 6 8 9 |  9.8
Fighting       | 1 2 |  2.0
Conjurations   | 2 5 6 |  6.9
Armour         | 1 2 |  2.8
Dodging        | 3 |  3.0
Stealth        | 3 |  3.0
Poison Magic   | 1 |  1.0
Air Magic      | 1 |  1.2
Summonings     | |  1.1
Translocations | |  1.1

Action                     |  1- 3 |  4- 6 |  7- 9 || total
---------------------------+-------+-------+-------++-------
  Melee: Short sword       |    28 |    21 |    93 ||   142
   Cast: Magic Dart        |    89 |    80 |    79 ||   248
         Mephitic Cloud    |     2 |     6 |    15 ||    23
         Call Imp          |       |     1 |     3 ||     4
         Blink             |       |       |     2 ||     2
    Use: Potion            |       |       |     2 ||     2
   Stab: Confused          |     2 |     4 |    16 ||    22
         Sleeping          |     1 |     1 |       ||     2
 Armour: Robe              |    27 |    14 |    43 ||    84
  Dodge: Dodged            |    26 |    12 |    55 ||    93

Table legend: (Time is in decaauts)
 A = Elapsed time spent in this place.
 B = Non-inter-level travel time spent in this place.
 C = Inter-level travel time spent in this place.
 D = Time resting spent in this place.
 E = Time spent auto-exploring this place.
 F = Levels seen in this place.
 G = Mean time per level.
                   A        B        C        D        E       F      G
               +--------+--------+--------+--------+--------+-----+--------+
         Total |   5382 |   5155 |    227 |     91 |   4295 |   7 |  768.9 |
       Dungeon |   5297 |   5152 |    145 |     91 |   4295 |   6 |  882.8 |
        Temple |     84 |      2 |     82 |      0 |      0 |   1 |   84.0 |
               +--------+--------+--------+--------+--------+-----+--------+

Top non-repeatable levels by time:
     D:1: 1487 daAuts
     D:2: 1139 daAuts
     D:3: 1021 daAuts
     D:4: 909 daAuts
     D:5: 729 daAuts
  Temple: 84 daAuts
     D:6: 11 daAuts
